 Dungeon Crawl Stone Soup version 0.26-a0-1177-g1209ec82b9 (webtiles) character file.

Game seed: 6636874984823264215

5677 sahdkjhfkaj the Grappler (level 10, -17/94 (98) HPs)
             Began as a Troll Delver on Dec 24, 2020.
             Was a Priest of Okawaru.
             Killed from afar by Josephine (23 damage)
             ... with a ghostly fireball
             ... on level 10 of the Dungeon.
             The game lasted 00:08:29 (8538 turns).

sahdkjhfkaj the Grappler (Troll Delver)             Turns: 8538, Time: 00:08:30

HP:   -17/94 (98)   AC:  7    Str: 24    XL:     10   Next: 47%
MP:   9/9           EV: 12    Int:  6    God:    Okawaru [***...]
Gold: 689           SH:  5    Dex: 12    Spells: 9/9 levels left

rFire    . . .     SeeInvis +     - Unarmed
rCold    . . .     Faith    .   (no shield)
rNeg     . . .     Spirit   .   a - +0 robe
rPois    .         Reflect  +   (helmet restricted)
rElec    .         Harm     .   u - +0 cloak
rCorr    .         Rampage  .   (gloves unavailable)
Will     .....                  (boots unavailable)
Stlth    ++........             B - amulet of reflection
HPRegen  0.65/turn              g - ring of flight
MPRegen  0.11/turn              r - ring of see invisible

@: slowed, lightly drained, very slow
A: large, unfitting armour, claws 3, regeneration 1, shaggy fur 1, tough skin 3
a: Renounce Religion, Evoke Flight, Heroism


You were on level 10 of the Dungeon.
You worshipped Okawaru.
Okawaru was most pleased with you.
You visited 2 branches of the dungeon, and saw 11 of its levels.

You collected 689 gold pieces.

Inventory:

Missiles
 C - 3 throwing nets (quivered) {!f}
Armour
 a - a +0 robe (worn)
 u - a +0 cloak (worn)
Jewellery
 g - a ring of flight (left claw)
 r - a ring of see invisible (right claw)
 B - an amulet of reflection (around neck)
Wands
 f - a wand of digging (3)
 p - a wand of iceblast (18)
 F - a wand of flame (30)
 G - a wand of acid (10)
 I - a wand of disintegration (13)
Scrolls
 b - 4 scrolls of fog
 c - 3 scrolls of magic mapping
 d - 2 scrolls of fear
 h - a scroll of blinking {unknown}
 j - 9 scrolls of remove curse
 m - 7 scrolls of teleportation {!r}
 o - 7 scrolls of amnesia
 q - a scroll of identify
 s - 2 scrolls of immolation
 v - 4 scrolls of enchant armour
 w - 7 scrolls of enchant weapon
 D - a scroll of torment {unknown}
 E - a scroll of acquirement {unknown}
Potions
 e - 3 potions of haste
 i - 2 potions of mutation {unknown}
 k - 3 potions of curing {unknown}
 l - 4 potions of invisibility {unknown}
 n - 4 potions of might {unknown}
 t - a potion of brilliance {unknown}
 x - 2 potions of degeneration {unknown}
 z - 2 potions of heal wounds {unknown}
 A - 2 potions of flight {unknown}
 H - 2 potions of lignification {unknown}


   Skills:
 - Level 5.7 Fighting
 - Level 5.7 Armour
 - Level 5.7 Dodging
 - Level 2.7 Stealth
 - Level 10.0 Unarmed Combat
 + Level 3.5 Evocations


You had 9 spell levels left.
You didn't know any spells.
Your spell library contained the following spells:

 Spells                   Type           Power        Failure   Level
 Bolt of Magma            Conj/Fire/Erth 0%           100%        5
 Iskenderun's Battlesphe  Conj           0%           100%        5
 Iron Shot                Conj/Erth      0%           100%        6
 Orb of Destruction       Conj           0%           100%        7
 Spellforged Servitor     Conj/Summ      0%           100%        7


Dungeon Overview and Level Annotations

Branches:
Dungeon (10/15)            Temple (1/1) D:7
   Lair: D:8-11         Orc: D:9-12

Altars:
Ashenzari
Cheibriados
Dithmenos
Elyvilon
Fedhas
Gozag
Hepliaklqana
Kikubaaqudgha
Makhleb
Nemelex Xobeh
Okawaru
Qazlal
Ru
Sif Muna
Trog
Uskayaw
Vehumet
Wu Jian
Xom
Yredelemnul
Zin
The Shining One

Annotations:
D:10 Josephine


Innate Abilities, Weirdness & Mutations

You are too large for most types of armour.
You have claws for hands.
Your natural rate of healing is unusually fast.
You are covered in fur. (AC +1)
You have extremely tough skin. (AC +3)


Message History

You barely miss Josephine.
Josephine is almost dead.
The wraith hits you!
* * * LOW HITPOINT WARNING * * *
The wraith hits you but does no damage. You block the wraith's attack.
Josephine hits you with a +0 dagger.
* * * LOW HITPOINT WARNING * * *
Okay, then.
Okay, then.
You scratch Josephine.
Josephine is almost dead.
The wraith closely misses you. The wraith hits you!
* * * LOW HITPOINT WARNING * * *
The wraith drains your vigour!
You feel as though you will be slow longer.
The wraith misses you.
Josephine gestures at you while chanting.
The ghostly flame explodes!
The ghostly fireball engulfs you!!
You feel drained.
You die...

.#
#######.#.).##........####
.........................#
.######.######...........#
#....# #......._..###
#....# ##...........#
#....# #...#.....#.#
#....+ ###..#######..
##..W#.# #..## ### +..@W.#
##..# #..@W....#^)##
####.....#...# .....#...#
.....##.[# .....##..#
.....##..## .....###..#
#.>#


You could see Josephine and 3 wraiths.

Vanquished Creatures
  A two-headed ogre (D:10)
  An unseen horror (D:10)
  Pikel (D:8)
  The ghost of wythoutpain the Poker, an amateur MfGl (D:3)
  6 yaks
  A human (D:6)
  An orc warrior (D:9)
  A sky beast (D:7)
  2 ice beasts
  A black bear (D:8)
  4 centaurs
  5 bullfrogs
  Blork the orc (D:4)
  A wyvern skeleton (D:7)
  2 scorpions
  4 killer bees (D:10)
  4 wights (D:6)
  4 howler monkeys
  A bullfrog zombie (D:7)
  A centaur zombie (D:10)
  A quasit (D:8)
  4 hounds
  2 jellies
  3 bullfrog skeletons (D:5)
  Crazy Yiuf (D:3)
  3 centaur skeletons
  2 iguanas
  Ijyb (D:3)
  3 orc wizards (D:8)
  6 worker ants
  2 killer bee zombies
  A hound skeleton (D:5)
  3 gnolls (D:3)
  8 adders
  A shadow imp (D:7)
  A white imp (D:5)
  An ufetubus (D:9)
  An adder zombie (D:8)
  3 worms
  3 dart slugs
  4 leopard geckos
  25 orcs
  2 ball pythons
  9 bats
  6 giant cockroaches
  5 goblins
  4 hobgoblins
  5 jackals
  3 kobolds
  3 quokkas
  6 frilled lizards
  A jackal zombie (D:5)
  A kobold skeleton (D:6)
  A leopard gecko skeleton (D:6)
  11 rats
179 creatures vanquished.

Vanquished Creatures (others)
  3 plants (D:1)
  2 withered plants (D:3)
5 creatures vanquished.

Grand Total: 184 creatures vanquished

Notes
Turn   | Place    | Note
-------+----------+-------------------------------------------
     0 | D:5      | sahdkjhfkaj the Troll Delver began the quest for the Orb.
     0 | D:5      | Reached XP level 1. HP: 22/22 MP: 0/0
    25 | D:5      | Noticed a jelly
    34 | D:5      | Killed a jelly
    35 | D:5      | Reached XP level 2. HP: 14/31 MP: 1/1
    35 | D:5      | Reached XP level 3. HP: 17/37 MP: 2/2
    37 | D:5      | Reached skill level 3 in Unarmed Combat
   161 | D:5      | Reached XP level 4. HP: 45/45 MP: 3/3
   396 | D:5      | Reached skill level 4 in Unarmed Combat
   396 | D:5      | Reached XP level 5. HP: 52/54 MP: 4/4
   763 | D:4      | Noticed Blork the orc
   772 | D:4      | Killed Blork the orc
   773 | D:4      | Reached XP level 6. HP: 33/63 MP: 5/5
   919 | D:4      | Found a stormy altar of Qazlal.
   921 | D:4      | Noticed a fire elemental
   926 | D:4      | Noticed an air elemental
   926 | D:4      | Noticed a water elemental
  1504 | D:3      | Found a hide-covered altar of Uskayaw.
  1507 | D:3      | Found a radiant altar of Vehumet.
  1539 | D:3      | Reached skill level 5 in Unarmed Combat
  1669 | D:3      | Found a runed translucent door.
  1670 | D:3      | Noticed Crazy Yiuf
  1790 | D:3      | Killed Crazy Yiuf
  1989 | D:3      | Found a runed translucent door.
  1989 | D:3      | Noticed wythoutpain's ghost (amateur MfGl)
  2217 | D:3      | Killed wythoutpain's ghost
  2218 | D:3      | Reached skill level 5 in Fighting
  2218 | D:3      | Reached XP level 7. HP: 21/72 MP: 6/6
  2556 | D:3      | Noticed Ijyb
  2563 | D:3      | Killed Ijyb
  2612 | D:2      | Found a basalt altar of Yredelemnul.
  2964 | D:2      | Reached skill level 6 in Unarmed Combat
  3086 | D:2      | Found a sparkling altar of Nemelex Xobeh.
  3691 | D:1      | You fall into a shaft and drop 1 floor!
  4796 | D:6      | Found a shadowy altar of Dithmenos.
  4949 | D:6      | Found a runed translucent door.
  4949 | D:6      | Noticed a human
  4953 | D:6      | Found a basalt altar of Yredelemnul.
  4972 | D:6      | Killed a human
  4973 | D:6      | Reached XP level 8. HP: 66/83 MP: 7/7
  5588 | D:7      | Reached skill level 5 in Dodging
  5777 | D:7      | Reached skill level 1 in Armour
  5951 | D:7      | Found a staircase to the Ecumenical Temple.
  5965 | Temple   | Entered the Ecumenical Temple
  6184 | Temple   | Became a worshipper of Warmaster Okawaru
  6331 | D:8      | Noticed Pikel
  6350 | D:8      | Killed Pikel
  6350 | D:8      | Reached * piety under Okawaru
  6351 | D:8      | Reached XP level 9. HP: 59/89 MP: 8/8
  6413 | D:8      | Found a broken altar of Ashenzari.
  6434 | D:8      | Reached skill level 5 in Armour
  6547 | D:8      | Found a white marble altar of Elyvilon.
  6618 | D:8      | Reached ** piety under Okawaru
  6878 | D:8      | Found a bloodstained altar of Trog.
  6944 | D:8      | Found an ancient bone altar of Kikubaaqudgha.
  7300 | D:8      | Reached skill level 7 in Unarmed Combat
  7404 | D:9      | Found an ornate altar of the Wu Jian Council.
  7407 | D:9      | Found a snail-covered altar of Cheibriados.
  7463 | D:9      | Reached skill level 8 in Unarmed Combat
  7573 | D:9      | Reached skill level 9 in Unarmed Combat
  7757 | D:9      | Reached XP level 10. HP: 79/98 MP: 9/9
  8077 | D:9      | Reached *** piety under Okawaru
  8145 | D:10     | Entered Level 10 of the Dungeon
  8238 | D:10     | Reached skill level 1 in Evocations
  8301 | D:10     | Noticed an unseen horror
  8306 | D:10     | Noticed a two-headed ogre
  8317 | D:10     | Killed an unseen horror
  8318 | D:10     | Reached skill level 10 in Unarmed Combat
  8322 | D:10     | Killed a two-headed ogre
  8365 | D:10     | Found an iron altar of Okawaru.
  8524 | D:10     | Noticed Josephine
  8538 | D:10     | Killed from afar by Josephine

Illustrated notes

Levels and vault maps discovered:
D:1:      saegor_arrival_simple_e, layout_loops_corners, serial_forest,
          infiniplex_forest_straight_3, infiniplex_forest_clump_diagonal,
          infiniplex_forest_straight_3, infiniplex_forest_straight_5,
          infiniplex_forest_end_1, infiniplex_forest_lined_3,
          infiniplex_forest_straight_2
D:2:      minmay_diamond_boxcup, layout_loops_corners,
          overflow_temple_1_default, lemuel_doored_altar
D:3:      layout_basic, nicolae_overflow_hidden_temple, gammafunk_ghost_grave,
          uniq_ijyb, uniq_crazy_yiuf_cottage
D:4:      wad_lake_hut, layout_gridville, nicolae_qazlal_style_of_elements,
          minivault_1, uniq_blork_the_orc
D:5:      layout_loops_ring
D:6:      layout_rooms, marbit_many_paths, dk_yredelemnul_ordeal
D:7:      layout_basic, minmay_temple_entry_drinking_statues
D:8:      layout_basic, lemuel_coloured_pillars_altar, kennysheep_mini_moat,
          ashenzari_altar_1, lightli_temple_of_fire, lightli_orcish_oven,
          uniq_pikel
D:9:      layout_gridville, chequers_temple_overflow_statue_of_worship
D:10:     layout_basic, basic_altar, laboratory, uniq_josephine, uniq_psyche
Temple:   jpeg_temple_alley_garden

Skill      XL: |  1  2  3  4  5  6  7  8  9 10 |
---------------+-------------------------------+-----
Fighting       | 3 4 5 |  5.7
Unarmed Combat | 3 4 5 6 9 10 | 10.0
Dodging        | 3 5 |  5.7
Armour         | 4 5 |  5.7
Evocations     | 3 |  3.5
Stealth        | |  2.7

Action                   |  1- 3 |  4- 6 |  7- 9 | 10-12 || total
-------------------------+-------+-------+-------+-------++-------
Melee: Unarmed           |    17 |   136 |   325 |    73 ||   551
       Punch             |       |     3 |    11 |     5 ||    19
  Use: Scroll            |       |       |     9 |       ||     9
 Stab: Sleeping          |     1 |     5 |    10 |       ||    16
Armor: Robe              |     4 |    34 |   106 |    20 ||   164
Dodge: Dodged            |    11 |    54 |   180 |    39 ||   284
Block: Other             |       |       |     3 |     8 ||    11

Table legend: (Time is in decaauts)
 A = Elapsed time spent in this place.
 B = Non-inter-level travel time spent in this place.
 C = Inter-level travel time spent in this place.
 D = Time resting spent in this place.
 E = Time spent auto-exploring this place.
 F = Levels seen in this place.
 G = Mean time per level.
                   A        B        C        D        E       F      G
               +--------+--------+--------+--------+--------+-----+--------+
         Total |   8528 |   7885 |    643 |    788 |   5901 |  11 |  775.3 |
       Dungeon |   8275 |   7664 |    611 |    788 |   5691 |  10 |  827.5 |
        Temple |    252 |    220 |     32 |      0 |    210 |   1 |  252.0 |
               +--------+--------+--------+--------+--------+-----+--------+

Top non-repeatable levels by time:
     D:3: 1239 daAuts
     D:2: 1045 daAuts
     D:8: 1021 daAuts
     D:1: 908 daAuts
     D:6: 889 daAuts
     D:9: 776 daAuts
     D:5: 748 daAuts
     D:4: 710 daAuts
     D:7: 551 daAuts
    D:10: 384 daAuts
  Temple: 252 daAuts
